 Dungeon Crawl Stone Soup version 0.28.0-49-g6dfe1f597d (webtiles) character file.

Game seed: 16573878696512043603

37792 acdeimund the Cleaver (level 13, 42/121 HPs)
             Began as a Deep Dwarf Fighter on May 13, 2022.
             Was a High Priest of Makhleb.
             Quit the game on level 1 of the Orcish Mines.
             The game lasted 01:11:35 (15255 turns).

acdeimund the Cleaver (Deep Dwarf Fighter)         Turns: 15255, Time: 01:11:35

Health: 42/121     AC: 25    Str: 26    XL:     13   Next: 60%
Magic:  0/0        EV:  8    Int:  8    God:    Makhleb [*****.]
Gold:   1541       SH:  6    Dex: 12    Spells: 18/18 levels left

rFire   . . .      SeeInvis +   M - +1 broad axe
rCold   . . .      Faith    .   c - +0 buckler
rNeg    . . .      Spirit   .   i - +4 chain mail "Riteorph" {+Blink}
rPois   +          Reflect  .   o - +2 helmet {SInv}
rElec   .          Harm     .   l - +1 cloak {rPois}
rCorr   .          Rampage  .   g - +1 pair of gloves
Will    ++...                   I - +0 pair of boots
Stlth   ..........              (no amulet)
HPRegen 0.00/turn               j - ring of willpower
MPRegen 0.07/turn               m - ring of flight

@: flying
A: damage resistance, heal wounds, sense surroundings 2, no regeneration
a: Heal Wounds, Renounce Religion, Evoke Blink, Minor Destruction, Lesser
Servant of Makhleb, Major Destruction, Greater Servant of Makhleb


You were on level 1 of the Orcish Mines.
You worshipped Makhleb.
Makhleb was extremely pleased with you.
You visited 4 branches of the dungeon, and saw 18 of its levels.
You also visited: Sewer and Bailey.

You collected 1703 gold pieces.
You spent 162 gold pieces at shops.

Inventory:

Hand Weapons
 y - a +4 whip
 M - a +1 broad axe (weapon)
Missiles
 p - 31 poisoned darts (quivered)
 C - 3 boomerangs
Armour
 a - a +0 plate armour
 c - a +0 buckler (worn)
 g - a +1 pair of gloves (worn)
 i - the +4 chain mail "Riteorph" (worn) {+Blink}
   (You found it on level 3 of the Dungeon)

   +Blink:    It lets you blink.
 l - a +1 cloak of poison resistance (worn)
 o - a +2 helmet of see invisible (worn)
 I - a +0 pair of boots (worn)
Jewellery
 f - a ring of protection from cold
 j - a ring of willpower (left hand)
 m - a ring of flight (right hand)
Wands
 z - a wand of iceblast (1)
 E - a wand of flame (18)
Scrolls
 b - a scroll of enchant armour
 h - a scroll of magic mapping
 r - a scroll of teleportation
 D - 2 scrolls of fear
 L - a scroll of amnesia
Potions
 d - a potion of resistance
 e - 4 potions of flight
 k - a potion of might
 n - 2 potions of heal wounds
 s - 2 potions of haste
 t - a potion of lignification
 u - a potion of brilliance
 x - 7 potions of curing
 B - 2 potions of attraction
 F - 2 potions of mutation
 G - 2 potions of berserk rage {unknown}
 H - 3 potions of cancellation {unknown}
 J - a potion of magic {unknown}
Miscellaneous
 q - a piece from Xom's chessboard (15/15)


   Skills:
 + Level 9.0 Fighting
 * Level 14.4 Axes
 + Level 10.7 Armour
 + Level 10.8 Shields
 + Level 3.2 Spellcasting
 + Level 9.0 Invocations
 + Level 11.4 Evocations


You had 18 spell levels left.
You didn't know any spells.
Your spell library contained the following spells:

 Spells                   Type           Power      Damage    Failure   Level
 Slow                     Hex            4%         N/A       87%         1
 Ensorcelled Hibernation  Hex/Ice        2%         N/A       95%         2
 Passwall                 Tmut/Erth      0%         N/A       95%         2
 Confusing Touch          Hex            1%         N/A       99%         3
 Ozocubu's Armour         Ice            1%         N/A       99%         3
 Summon Guardian Golem    Hex/Summ       1%         N/A       99%         3
 Swiftness                Air            1%         N/A       99%         3
 Vampiric Draining        Necr           1%         2d6       99%         3
 Fireball                 Conj/Fire      0%         3d3       100%        5
 Iskenderun's Battlesphe  Conj           1%         2d6       100%        5
 Conjure Ball Lightning   Conj/Air       0%         3x3d6     100%        6
 Orb of Destruction       Conj           0%         9d5       100%        7
 Ozocubu's Refrigeration  Ice            0%         4d5       100%        7
 Spellforged Servitor     Conj/Summ      0%         N/A       100%        7


Dungeon Overview and Level Annotations

Branches:
Dungeon (13/15)            Temple (1/1) D:5            Lair (2/6) D:11
  Snake (0/4) Lair:2          Orc (2/2) D:9             Elf (0/3) Orc:2
  Sewer (visited)          Bailey (visited)
  Swamp: Lair:2-4    Shoals: Lair:2-4    Vaults: D:13-14

Altars:
Ashenzari
Cheibriados
Dithmenos
Elyvilon
Fedhas
Gozag
Hepliaklqana
Kikubaaqudgha
Makhleb
Nemelex Xobeh
Okawaru
Qazlal
Ru
Sif Muna
Trog
Uskayaw
Vehumet
Wu Jian
Xom
Yredelemnul
Zin
The Shining One

Shops:
D:2 (   D:11 :   Orc:2 :(*(!

Annotations:
D:4 2 transporters, issech's ghost, amateur TrMo
D:7 2 transporters, klau3's ghost, novice MiBe
D:10 2 runed translucent doors, Selrock's ghost, journeyman DjCj


Innate Abilities, Weirdness & Mutations

You are resistant to damage.
You can heal yourself by infusing magical energy.
You passively map the area around you.
You do not regenerate.


Message History

Urug hits you with a +2 eveningstar of freezing.
Urug freezes you.
You barely miss Urug.
Urug is severely wounded.
Urug hits you with a +2 eveningstar of freezing!
Urug freezes you.
You closely miss Urug.
Urug is severely wounded.
You block Urug's attack.
You closely miss Urug.
Urug is severely wounded.
Urug hits you but does no damage.
You barely miss Urug.
Urug is severely wounded.
Urug hits you with a +2 eveningstar of freezing.
Urug freezes you.
You slice Urug!!
Urug is almost dead.
You block Urug's attack.
You closely miss Urug.
Urug is almost dead.
You block Urug's attack.
You slash Urug!
You kill Urug!
Makhleb accepts your kill.
You feel better.
Items here: ( )) [ †.
Items here: ( )) [ †.
Okay, then.
p - 30 poisoned darts (gained 1)
p - 31 poisoned darts (gained 1)
You now have 1541 gold pieces (gained 35).
There is a shaft here.
Done exploring.
Done exploring.
(D) Dungeon (T) Temple (L) Lair (P) Snake Pit (O) Orcish Mines (E) Elven Halls
Where to? (Enter - Orc:2 @ (x,y), ? - help)
Okay, then.
Are you sure you want to abandon this character and quit the game? (Confirm with "yes".)

##.###...#...)......#..
####.#.#...[>.........
##...)...............
#....[...)..........#
#.....)............##
##...........#.....##
#>....#.............##
##.#.................#
####@........#.......
##.......##...#..#
##.....####.....#
####.## ##.#.## ###
#####


There were no monsters in sight!

Vanquished Creatures
  Josephine (Orc:1)
  An ettin (Orc:1)
  A boulder beetle (D:11)
  3 hydras
  Erolcha (D:11)
  2 centaur warriors
  2 death knights (D:13)
  A tengu warrior (D:13)
  2 two-headed ogres
  Urug (Orc:1)
  A skeletal warrior (D:13)
  Pikel (D:5)
  A deep elf pyromancer (D:13)
  An orc knight (Orc:2)
  An orc sorcerer (Orc:2)
  2 manticores
  A centaur zombie (D:10)
  6 black mambas
  Joseph (D:7)
  Maurice (D:12)
  A gargoyle (D:11)
  2 rime drakes (Lair:2)
  2 unseen horrors
  2 kobold demonologists (D:10)
  2 cane toads
  3 komodo dragons
  A freezing wraith (D:12)
  A merfolk (D:13)
  3 trolls
  7 blink frogs
  5 slime creatures (D:13)
  A meliai zombie (D:11)
  Sigmund (D:2)
  A centaur simulacrum (D:13)
  A spriggan (D:13)
  5 wraiths
  23 yaks
  2 wyverns
  5 shadows
  3 basilisks
  4 vampire mosquitoes (D:12)
  3 steam dragons
  A warg (Orc:2)
  13 water moccasins
  A sky beast (D:7)
  3 ice beasts
  A black bear (Lair:1)
  A hornet zombie (D:8)
  2 necrophages
  36 orc warriors
  3 wolves (Lair:2)
  5 ogres
  9 centaurs
  3 kobold brigands
  2 gnoll sergeants
  6 bullfrogs
  4 scorpions
  A troll skeleton (D:11)
  A howler monkey (D:5)
  5 spriggan skeletons (D:11)
  3 crimson imps
  A hound (D:5)
  A jelly (D:7)
  A bullfrog skeleton (D:5)
  5 orc priests
  2 gnoll shamans (D:8)
  An iguana (D:3)
  14 orc wizards
  A scorpion zombie (D:5)
  Natasha (thrice) (D:2)
  3 killer bee zombies
  Robin (D:2)
  11 adders
  12 gnolls
  A white imp (D:5)
  2 ufetubi
  5 worms
  6 dart slugs
  44 orcs
  10 ball pythons
  3 bats
  9 endoplasms
  2 giant cockroaches
  18 goblins
  6 hobgoblins
  4 jackals (D:1)
  19 kobolds
  A quokka (D:5)
  5 frilled lizards
  4 rats
404 creatures vanquished.

Vanquished Creatures (others)
  4 fungi
  9 plants
13 creatures vanquished.

Grand Total: 417 creatures vanquished

Notes
Turn   | Place    | Note
-------+----------+-------------------------------------------
     0 | D:1      | acdeimund the Deep Dwarf Fighter began the quest for the
                  | Orb.
     0 | D:1      | Reached XP level 1. HP: 20/20 MP: 1/1
    78 | D:1      | Reached XP level 2. HP: 18/27 MP: 2/2
   519 | D:1      | Reached skill level 3 in Axes
   760 | D:2      | Noticed Natasha
   776 | D:2      | Killed Natasha
   777 | D:2      | Reached XP level 3. HP: 23/34 MP: 3/3
   799 | D:2      | Noticed Sigmund
   810 | D:2      | Killed Sigmund
   811 | D:2      | Reached skill level 4 in Axes
   811 | D:2      | Reached XP level 4. HP: 33/42 MP: 4/4
   811 | D:2      | Reached XP level 5. HP: 38/49 MP: 5/5
  1065 | D:2      | Found Efaheryr's Antique Weapon Shop.
  1092 | D:2      | Noticed Natasha
  1098 | D:2      | Killed Natasha
  1099 | D:2      | Reached XP level 6. HP: 39/56 MP: 6/6
  1153 | D:2      | Noticed Natasha
  1162 | D:2      | Killed Natasha
  1165 | D:2      | Found a faded altar of an unknown god.
  1230 | D:2      | Noticed Robin
  1241 | D:2      | Killed Robin
  1701 | D:3      | Identified the +4 chain mail "Riteorph" {+Blink}
  1741 | D:3      | Reached skill level 5 in Axes
  2364 | D:4      | Reached skill level 1 in Evocations
  2381 | D:3      | Reached XP level 7. HP: 49/64 MP: 6/6
  2420 | D:4      | Found a glowing silver altar of Zin.
  2456 | D:4      | Found a glowing drain.
  2467 | Sewer    | Entered a sewer
  2596 | Sewer    | Reached skill level 5 in Armour
  2596 | Sewer    | Reached skill level 5 in Shields
  2879 | D:4      | Found a transporter.
  2890 | D:4      | Found a transporter.
  2919 | D:4      | Reached skill level 6 in Axes
  3108 | D:4      | Noticed issech's ghost (amateur TrMo)
  3410 | D:5      | Entered Level 5 of the Dungeon
  3442 | D:5      | Reached XP level 8. HP: 73/73 MP: 4/4
  3457 | D:5      | Found a staircase to the Ecumenical Temple.
  3466 | Temple   | Entered the Ecumenical Temple
  3777 | D:5      | Found a basalt altar of Yredelemnul.
  3779 | D:5      | Found a sparkling altar of Nemelex Xobeh.
  4156 | D:5      | Found a white marble altar of Elyvilon.
  4183 | D:6      | Noticed Pikel
  4202 | D:5      | Killed Pikel
  4203 | D:5      | Reached skill level 5 in Fighting
  4203 | D:5      | Reached skill level 7 in Axes
  4316 | D:6      | Reached skill level 5 in Evocations
  4435 | D:6      | Gained mutation: You passively map the area around you.
                  | [Deep Dwarf growth]
  4435 | D:6      | Reached XP level 9. HP: 61/81 MP: 5/5
  4444 | D:6      | Reached skill level 8 in Axes
  4920 | D:7      | Found a flagged portal.
  4938 | Bailey   | Entered a bailey
  5373 | D:7      | Noticed a torpor snail
  5388 | D:7      | Found a snail-covered altar of Cheibriados.
  5388 | D:7      | Noticed a torpor snail
  5388 | D:7      | Noticed a torpor snail
  5410 | D:7      | Reached skill level 9 in Axes
  5506 | D:7      | Found a transporter.
  5508 | D:7      | Noticed a two-headed ogre
  5509 | D:7      | Noticed a moth of wrath
  5512 | D:7      | Noticed klau3's ghost (novice MiBe)
  5513 | D:7      | Found a bloodstained altar of Trog.
  5521 | D:7      | Found a transporter.
  5553 | D:7      | Noticed an unseen horror
  5561 | D:7      | Killed an unseen horror
  5566 | D:7      | Noticed Joseph
  5601 | D:7      | Killed Joseph
  6031 | D:8      | Reached XP level 10. HP: 64/91 MP: 3/3
  6321 | D:8      | Noticed a two-headed ogre
  6336 | D:8      | Killed a two-headed ogre
  6337 | D:8      | Reached skill level 10 in Axes
  6337 | D:8      | Reached skill level 1 in Invocations
  6674 | D:8      | Found a burning altar of Makhleb.
  6687 | D:8      | Became a worshipper of Makhleb the Destroyer
  7106 | D:9      | Noticed a two-headed ogre
  7108 | D:9      | Killed a two-headed ogre
  7478 | D:9      | Found a staircase to the Orcish Mines.
  7823 | D:10     | Entered Level 10 of the Dungeon
  7935 | D:10     | Found a shadowy altar of Dithmenos.
  8135 | D:10     | Reached skill level 11 in Axes
  8142 | D:10     | Reached XP level 11. HP: 72/99 MP: 4/4
  8174 | D:10     | Found a runed translucent door.
  8174 | D:10     | Noticed a skeletal warrior
  8175 | D:10     | Noticed a boulder beetle
  8175 | D:10     | Noticed a deep troll earth mage
  8175 | D:10     | Noticed a necromancer
  8175 | D:10     | Noticed a mana viper
  8177 | D:10     | Noticed a skeletal warrior
  8178 | D:10     | Noticed Selrock's ghost (journeyman DjCj)
  8179 | D:10     | Noticed a lich
  8182 | D:10     | Found a runed translucent door.
  8202 | D:10     | Reached * piety under Makhleb
  8430 | D:10     | Found a shimmering blue altar of Sif Muna.
  8446 | D:10     | Found a hide-covered altar of Uskayaw.
  8503 | D:10     | Found a hazy altar of Hepliaklqana.
  8723 | D:10     | Noticed a golden dragon
  8724 | D:10     | Noticed a shadow dragon
  8724 | D:10     | a golden dragon changed into a shadow dragon
  8726 | D:10     | Noticed a frost giant
  8726 | D:10     | a shadow dragon changed into a frost giant
  8727 | D:10     | Noticed an iron troll
  8727 | D:10     | a frost giant changed into an iron troll
  8893 | Orc:1    | Entered Level 1 of the Orcish Mines
  8907 | Orc:1    | Noticed an ettin
  9133 | D:11     | Found Hepsokei's Book Boutique.
  9133 | D:11     | Noticed a boulder beetle
  9196 | D:11     | Killed a boulder beetle
  9197 | D:11     | Reached skill level 5 in Invocations
  9266 | D:11     | Found a staircase to the Lair.
  9483 | D:2      | Bought a glowing hand axe for 162 gold pieces
  9696 | D:11     | Noticed Erolcha
  9850 | Orc:1    | Killed an ettin
  9896 | Orc:1    | Reached ** piety under Makhleb
  9963 | Orc:1    | Noticed Josephine
  9966 | Orc:1    | Killed Josephine
  9967 | Orc:1    | Reached skill level 12 in Axes
 10162 | Orc:2    | Entered Level 2 of the Orcish Mines
 10162 | Orc:2    | Found Firyexat's Distillery.
 10315 | Orc:1    | Noticed Urug
 10602 | Orc:2    | Noticed an orc knight
 10703 | Lair:1   | Entered Level 1 of the Lair of Beasts
 10743 | Lair:1   | Reached XP level 12. HP: 65/110 MP: 5/5
 10896 | Lair:1   | Reached *** piety under Makhleb
 11625 | Lair:2   | Noticed a six-headed hydra
 11741 | Lair:2   | Reached skill level 10 in Evocations
 11745 | Lair:2   | Killed a six-headed hydra
 11846 | Lair:2   | Found a staircase to the Snake Pit.
 11887 | Lair:1   | Reached skill level 13 in Axes
 12069 | Lair:2   | Reached skill level 1 in Spellcasting
 12139 | Lair:2   | Reached skill level 10 in Shields
 12171 | Lair:2   | Reached skill level 10 in Armour
 12815 | D:11     | Reached **** piety under Makhleb
 12867 | D:11     | Killed Erolcha
 12962 | D:12     | Noticed Maurice
 12981 | D:12     | Killed Maurice
 13129 | D:12     | Noticed an eight-headed hydra
 13134 | D:12     | Killed an eight-headed hydra
 13135 | D:12     | Reached XP level 13. HP: 87/118 MP: 7/7
 13591 | D:13     | Reached skill level 14 in Axes
 14489 | Orc:2    | Reached ***** piety under Makhleb
 14490 | Orc:2    | Found a staircase to the Elven Halls.
 14525 | Orc:2    | HP: 4/120 [centaur warrior/arrow (15)]
 14545 | Orc:2    | Found Xubarec's Antique Weapon Shop.
 14546 | Orc:2    | Found Avviw's Weapon Shoppe.
 14546 | Orc:2    | Found Tiafuato's General Store.
 14549 | Orc:2    | Found Loucvog's Book Emporium.
 15170 | Orc:1    | Killed Urug
 15255 | Orc:1    | Quit the game

Illustrated notes

Levels and vault maps discovered:
D:1:      dpeg_arrival_long_road, layout_basic, minmay_tiny_reverse_x
D:2:      layout_loops_corners, nicolae_ecumenical_pavilion, serial_shops,
          nicolae_shop_advertising_works [nicolae_subvault_shop_adworks],
          uniq_robin, uniq_sigmund, uniq_natasha
D:3:      layout_basic, grunt_ministairs_6
D:4:      layout_cave_pools, mainiacjoe_overflow_24_doors,
          gammafunk_ghost_stat_death, portal_sewer_entry_d,
          minmay_misc_feat_pillars, grunt_decor_fettered, lightli_minifort
D:5:      layout_loops_ring, kennysheep_mini, nicolae_overflow_squiral,
          temple_pool_b, minmay_fire_ice_demons
D:6:      layout_loops_ring, uniq_pikel
D:7:      layout_basic, cheibriados_altar_2, enter_bailey_2,
          gammafunk_ghost_wrathful_warriors, uniq_joseph
D:8:      layout_loops_ring, makhleb_grotto_becter, grunt_ministairs_3
D:9:      layout_cave_pods, orc_0_dummy
D:10:     hellmonk_warped_wall, layout_cave_pods, mainiacjoe_overflow_alcove_2,
          mainiacjoe_overflow_large_starburst, lemuel_round_altar,
          muffindrake_ghost_dual_entry, chequers_serial_rivers_micro_d
D:11:     layout_rooms, david_lair_shrubbed, serial_shops, nicolae_shop_stone,
          hangedman_tell_no_tales, uniq_erolcha
D:12:     layout_rooms, uniq_maurice
D:13:     layout_grid_maze, hangedman_stone_soup
Temple:   minmay_temple_bridge_abc
Lair:1:   layout_regular_city, serial_forest, infiniplex_forest_straight_2,
          infiniplex_forest_clump_C, infiniplex_forest_corner_1,
          infiniplex_forest_lined_2, infiniplex_forest_straight_4,
          infiniplex_forest_lined_3, minivault_27, grunt_megastairs_3,
          infiniplex_staircase_pool_2
Lair:2:   layout_big_grid, minmay_snake_entry_six_corridors
Orc:1:    layout_caves, uniq_josephine, uniq_urug
Orc:2:    st_orc_rangers, layout_diamond_mine, serial_shops,
          nicolae_shop_hallway_stairs

Skill      XL: |  1  2  3  4  5  6  7  8  9 10 11 12 13 |
---------------+----------------------------------------+-----
Axes           | 3 4 5 6 7 9 11 12 13 14 | 14.4
Fighting       | 3 4 5 6 7 8 9 |  9.0
Armour         | 4 5 6 7 8 9 10 | 10.7
Shields        | 4 5 6 7 8 9 10 | 10.8
Evocations     | 1 3 5 6 8 9 10 11 | 11.4
Invocations    | 3 6 8 9 |  9.0
Spellcasting   | 2 3 |  3.2

Action                   |  1- 3 |  4- 6 |  7- 9 | 10-12 | 13-15 || total
-------------------------+-------+-------+-------+-------+-------++-------
Melee: War axe           |    69 |   110 |   403 |   500 |       ||  1082
       Broad axe         |       |       |       |   453 |   308 ||   761
       Whip              |       |       |       |       |    11 ||    11
Throw: Dart              |       |       |       |     7 |     2 ||     9
Invok: Major Destruction |       |       |       |       |     2 ||     2
 Abil: Heal Wounds       |     2 |     2 |    20 |    41 |    25 ||    90
Evoke: Wand              |       |       |       |    30 |     3 ||    33
       Piece from Xom's  |       |       |       |     3 |       ||     3
  Use: Potion            |     1 |       |     1 |     2 |     2 ||     6
       Scroll            |       |     6 |     7 |     8 |    10 ||    31
Armor: Scale mail        |    32 |    31 |       |       |       ||    63
       Chain mail        |       |    21 |   225 |   597 |   259 ||  1102
       Skin              |       |       |       |     8 |       ||     8
Dodge: Dodged            |    29 |    39 |   155 |   376 |   138 ||   737
Block: Buckler           |    17 |    23 |    83 |   290 |   115 ||   528
